 Dungeon Crawl Stone Soup version 0.32-a0-329-ge6c31236d6 (webtiles) character file.

Game seed: 13088930326512219490

1458 timneilson the Ruffian (level 8, 0/54 (58) HPs)
             Began as an Octopode Shapeshifter on Feb 16, 2024.
             Slain by a wight
             ... wielding a +4 trident
              (9 damage)
             ... on level 6 of the Dungeon.
             The game lasted 00:11:38 (4680 turns).

timneilson the Ruffian (Octopode Shapeshifter)      Turns: 4680, Time: 00:11:39

HP:   0/54 (58)     AC:  1    Str: 16    XL:     8   Next: 76%
MP:   8/8           EV: 14    Int: 12    God:
Gold: 402           SH:  4    Dex: 11    Spells: 7/7 levels left

rFire   . .          .
                       - Unarmed
rCold   . . .        l - +0 buckler
rNeg    . . .        (helmet currently unavailable)
rPois   .            (no amulet)
rElec   .            (no ring)
rCorr   .            (no ring)
SInv    .            (no ring)
Will    .....        (no ring)
Stlth   ++++         (no ring)
HPRegen 0.29/turn    (no ring)
MPRegen 0.11/turn    (no ring)
                     (no ring)

%: no passive effects
@: beast-form, drained
A: beast (slay +3), almost no armour, amphibious, 8 rings, camouflage 1,
gelatinous body 1, (nimble swimmer 1), tentacles
a: Begin Untransformation


You were on level 6 of the Dungeon.
You were a hulking beast.
You visited 1 branch of the dungeon, and saw 6 of its levels.
You also visited: Sewer.

You collected 402 gold pieces.

Inventory:

Missiles
 p - 14 poisoned darts (quivered)
Armour
 l - a +0 buckler (worn)
Talismans
 b - a beast talisman (active)
 c - a flux talisman
 g - a blade talisman
Wands
 i - a wand of mindburst (19)
 q - a wand of polymorph (12)
Scrolls
 f - a scroll of teleportation
 k - 2 scrolls of enchant armour
 o - a scroll of fear {unknown}
Potions
 a - a potion of lignification
 d - 4 potions of curing
 e - a potion of haste
 h - 6 potions of might
 j - a potion of brilliance
 m - a potion of berserk rage
 n - a potion of mutation {unknown}


   Skills:
 * Level 6.6 Fighting
 * Level 6.8 Dodging
 + Level 6.6 Stealth
 + Level 0.7 Shields
 * Level 7.0 Unarmed Combat
 + Level 1.0 Evocations
 * Level 6.7 Shapeshifting


You had 7 spell levels left.
You didn't know any spells.
Your spell library contained the following spells:

 Spells                   Type           Power      Damage    Failure   Level
 Shock                    Conj/Air       0%         1d3       41%         1
 Scorch                   Fire           0%         2d5       54%         2
 Inner Flame              Hex/Fire       0%         N/A       78%         3
 Swiftness                Air            0%         N/A       78%         3
 Airstrike                Air            0%         2d(0-16)  99%         4
 Flame Wave               Conj/Fire      0%         2d4       99%         4
 Irradiate                Conj/Alch      0%         3d11      100%        5
 Summon Cactus Giant      Summ           0%         N/A       100%        6
 Ignition                 Fire           0%         3d3       100%        8


Dungeon Overview and Level Annotations

Branches:
Dungeon (6/15)              Sewer (visited)
 Temple: D:4-7

Altars:
Fedhas
Hepliaklqana
Nemelex Xobeh
The Shining One

Shops:
D:3 =   D:5 [


Innate Abilities, Weirdness & Mutations

You are a hulking beast.
Your limbs bulge with bestial killing power. (Slay +3)
You cannot wear most types of armour.
You are amphibious.
You can wear up to eight rings at the same time.
Your skin changes colour to match your surroundings (Stealth+).
Your rubbery body absorbs attacks. (AC +1, EV +1)
((You are camouflaged when in or above water. (Stealth+)))
You have tentacles for arms and can constrict up to eight enemies at once.


Message History

The orc hits you with a +0 short sword.
The wight moves out of view.
You bludgeon the orc!
You kill the orc!
You closely miss the wight. Your grab misses the wight.
The wight hits you with a +4 war axe!
You closely miss the wight. You grab the wight. You constrict the wight.
The wight hits you with a +4 war axe!
You feel drained.
You tentacle-slap the wight but do no damage.
You squeeze the wight!
The wight is heavily damaged.
You constrict the wight, but do no damage.
The wight closely misses you. The wight barely misses you.
You tentacle-slap the wight.
The wight is almost destroyed.
You constrict the wight, but do no damage.
The wight hits you with a +4 war axe!
You tentacle-slap the wight.
You destroy the wight!
The wight hits you from afar with a +4 trident!
* * * LOW HITPOINT WARNING * * *
You feel drained.
* * * LOW HITPOINT WARNING * * *
You feel better.
The wight hits you from afar with a +4 trident!
* * * LOW HITPOINT WARNING * * *
The orc barely misses you.
You feel better.
The wight hits you from afar with a +4 trident.
* * * LOW HITPOINT WARNING * * *
You feel drained.
* * * LOW HITPOINT WARNING * * *
You block the orc's attack.
You tentacle-slap the orc. Your grab misses the orc. You squeeze the orc.
The orc is heavily wounded.
The wight misses you. The orc hits you with a +0 short sword.
* * * LOW HITPOINT WARNING * * *
You bludgeon the orc!
You kill the orc!
The wight hits you from afar with a +4 trident!
You die...

.... .... ### ...
... ... #.#
#.##### #..
#.##....... #..
#........# ..##
+(.......## .
#.###.z.)......
..####
#..##)#.....#.#
#....
#...#h#....##
.#....
+.....#.>.....
......
#...#.###..###
#..... .
#..##..##..#
#.....
..#.###......#
#.#..#
...##.'.##...#
#.#.##
.#..###.##...#
.#.## . ....
#.##...# ..>.
.#.#..#.##...#####
##.##


You could see a wight.

Vanquished Creatures
  Pargi (Sewer)
  A black bear (D:5)
  2 ogres (D:5)
  2 kobold brigands (Sewer)
  2 scorpions (D:5)
  A wight (D:6)
  A crimson imp (D:4)
  3 bombardier beetles
  A jelly (D:5)
  A hound (D:5)
  A sleepcap (D:6)
  2 iguanas (D:5)
  An orc wizard (D:5)
  4 gnolls (D:4)
  10 adders
  5 ufetubi (D:5)
  4 dart slugs
  2 ribbon worms (D:5)
  21 orcs
  9 endoplasms
  3 giant cockroaches
  9 goblins
  6 hobgoblins
  8 jackals
  4 quokkas
  8 ball pythons
  2 frilled lizards (Sewer)
  2 goblin skeletons (D:4)
  A hobgoblin zombie (D:4)
  11 kobolds
  A kobold skeleton (D:4)
  A kobold zombie (D:6)
  3 orc skeletons (D:4)
  3 orc zombies (D:4)
  9 rats
145 creatures vanquished.

Notes
Turn   | Place    | Note
-------+----------+-------------------------------------------
     0 | D:1      | timneilson the Octopode Shapeshifter began the quest for
                  | the Orb.
     0 | D:1      | Reached XP level 1. HP: 13/13 MP: 1/1
   159 | D:1      | Reached XP level 2. HP: 18/18 MP: 2/2
   205 | D:1      | Reached skill level 1 in Stealth
   352 | D:1      | Reached XP level 3. HP: 17/23 MP: 3/3
   786 | D:2      | Reached XP level 4. HP: 10/29 MP: 4/4
   977 | D:2      | Found a blossoming altar of Fedhas.
  1339 | D:2      | Reached skill level 5 in Fighting
  1339 | D:2      | Reached skill level 5 in Dodging
  1339 | D:2      | Reached skill level 5 in Stealth
  1339 | D:2      | Reached skill level 6 in Unarmed Combat
  1339 | D:2      | Reached XP level 5. HP: 41/41 MP: 5/5
  1392 | D:3      | Reached XP level 6. HP: 45/46 MP: 6/6
  1544 | D:3      | Found Zugee's Jewellery Emporium.
  1848 | D:3      | Found a sparkling altar of Nemelex Xobeh.
  2385 | D:4      | Found a glowing golden altar of the Shining One.
  2663 | D:4      | Reached XP level 7. HP: 33/51 MP: 7/7
  2830 | D:4      | Found a glowing drain.
  2839 | Sewer    | Entered a sewer
  2919 | Sewer    | Noticed Pargi
  2926 | Sewer    | Killed Pargi
  3096 | D:4      | Found a hazy altar of Hepliaklqana.
  3406 | D:5      | Entered Level 5 of the Dungeon
  3616 | D:5      | Reached XP level 8. HP: 49/57 MP: 8/8
  4254 | D:5      | Reached skill level 7 in Unarmed Combat
  4398 | D:5      | Found Sopah's Antique Armour Shoppe.
  4593 | D:6      | Reached skill level 1 in Evocations
  4680 | D:6      | Slain by a wight

Illustrated notes

Levels and vault maps discovered:
D:1:      dpeg_arrival_solitude, layout_basic
D:2:      layout_rooms, basic_altar, minmay_3d_cube
D:3:      layout_basic, nicolae_overflow_hidden_temple, serial_shops, shop,
          moated_statue, fountainhead, minmay_quantized
D:4:      layout_basic, worldfamousw_hep_ancestral_shrine,
          nicolae_tso_besieged_by_evil, portal_sewer_entry_b
D:5:      wad_river_or_something, layout_basic, serial_shops,
          nicolae_shop_behind_doors, columned_hall_lemuel
D:6:      layout_loops_cross, mainiacjoe_overflow_six_doors_small,
          nicolae_ossuary_entry_giza

Skill      XL: |  1  2  3  4  5  6  7  8 |
---------------+-------------------------+-----
Stealth        | 1 5 6 |  6.6
Fighting       | 5 6 |  6.6
Dodging        | 5 6 |  6.8
Unarmed Combat | 6 7 |  7.0
Shapeshifting  | 6 |  6.7
Evocations     | 1 |  1.0
Shields        | |  0.7

Action                     |  1- 3 |  4- 6 |  7- 9 || total
---------------------------+-------+-------+-------++-------
  Melee: Unarmed           |    58 |   108 |   105 ||   271
         Constrict         |    13 |    31 |    24 ||    68
         Tentacles         |     7 |    19 |    20 ||    46
         Punch             |       |     3 |     3 ||     6
  Throw: Dart              |       |       |     4 ||     4
    Use: Scroll            |     5 |     5 |     5 ||    15
         Potion            |       |     1 |     2 ||     3
   Stab: Sleeping          |     7 |     7 |    14 ||    28
         Distracted        |       |     1 |       ||     1
 Armour: Skin              |    19 |    34 |    40 ||    93
  Dodge: Dodged            |    20 |    65 |    62 ||   147
  Block: Buckler           |       |       |     3 ||     3

Table legend: (Time is in decaauts)
 A = Elapsed time spent in this place.
 B = Non-inter-level travel time spent in this place.
 C = Inter-level travel time spent in this place.
 D = Time resting spent in this place.
 E = Time spent auto-exploring this place.
 F = Levels seen in this place.
 G = Mean time per level.
                   A        B        C        D        E       F      G
               +--------+--------+--------+--------+--------+-----+--------+
         Total |   4651 |   4461 |    190 |     59 |   2849 |   7 |  664.4 |
       Dungeon |   4429 |   4239 |    190 |     51 |   2722 |   6 |  738.2 |
         Sewer |    221 |    221 |      0 |      8 |    127 |   1 |  221.0 |
               +--------+--------+--------+--------+--------+-----+--------+

Top non-repeatable levels by time:
     D:5: 1131 daAuts
     D:3: 921 daAuts
     D:4: 877 daAuts
     D:1: 710 daAuts
     D:2: 655 daAuts
   Sewer: 221 daAuts
     D:6: 133 daAuts
